 Dungeon Crawl Stone Soup version 0.15.2 (console) character file.

127611 Lightli the Harbinger of Death (level 16, -2/144 HPs)
             Began as a Deep Dwarf Death Knight on Aug 22, 2022.
             Was a High Priest of Yredelemnul.
             Killed from afar by a deep elf annihilator (35 damage)
             ... with a crystal spear
             ... on Level 3 of the Elven Halls.
             The game lasted 01:10:42 (29348 turns).

Lightli the Harbinger of Death (DDDK)              Turns: 29348, Time: 01:10:42

HP  -2/144       AC 40     Str 26 (27) XL: 16   Next: 46%
MP  28/28        EV  7     Int  7 (14) God: Yredelemnul [*****.]
Gold 1853        SH  4     Dex  8 (10) Spells:  0 memorised, 15 levels left

rFire  + + .     SeeInvis +     p - +8 eveningstar of the Eel {freeze, MR+ Str+2}
rCold  + . .     Clarity  +     h - +15 plate armour of the Country {rPois}
rNeg   + + .     rCorr    .     X - +0 buckler "Janyesm" {rF+}
rPois  +         rRot     .     C - +2 helmet {rF+}
rElec  .         Spirit   .     r - +0 cloak
SustAb .         Warding  .     t - +2 pair of gloves {Str+3}
rMut   .         Stasis   .     W - +1 pair of boots
Gourm  .                        Y - amulet "Chyacr Etoiwn" {Faith Stlth+}
MR     +++..                    H - ring of Baedir {rN+ SInv Stlth++}
                                u - ring of protection from cold

@: non-regenerating, extremely resistant to hostile enchantments, extremely
unstealthy
A: damage resistance, recharge devices, clarity, clumsy 1, deterioration 1,
negative energy resistance 1, sense surroundings 2, slow healing 3, spit poison
1
a: Device Recharging, Spit Poison, Animate Dead, Recall Undead Slaves, Injury
Mirror, Drain Life, Enslave Soul, Renounce Religion


You were on level 3 of the Elven Halls.
You worshipped Yredelemnul.
Yredelemnul was extremely pleased with you.
You were not hungry.

You visited 4 branches of the dungeon, and saw 30 of its levels.
You also visited: Labyrinth, Trove and Volcano.

You collected 4894 gold pieces.
You spent 3041 gold pieces at shops.

Inventory:

Hand weapons
 p - the +8 eveningstar of the Eel (weapon) {freeze, MR+ Str+2}
   (You bought it in a shop on level 12 of the Dungeon)

   It has been specially enchanted to freeze those struck by it, causing extra
   injury to most foes and up to double damage against particularly susceptible
   opponents.
   It can also slow down cold-blooded creatures.
   It affects your strength (+2).
   It affects your resistance to hostile enchantments.
Armour
 h - the +15 plate armour of the Country (worn) {rPois}
   (You found it on level 8 of the Lair of Beasts)

   It protects you from poison.
 r - a +0 cloak (worn)
 t - a +2 pair of gloves of strength (worn)
 C - a +2 helmet of fire resistance (worn)
 W - a +1 pair of boots (worn)
 X - the +0 buckler "Janyesm" (worn) {rF+}
   (You found it in a treasure trove)

   It protects you from fire.
Magical devices
 a - a wand of fire (4)
 b - a wand of disintegration (4)
 c - a wand of heal wounds (3)
 B - a wand of teleportation (7)
 P - a wand of teleportation (6)
 S - a wand of enslavement (17)
 V - a wand of digging (10)
Comestibles
 d - 8 bread rations
 k - 12 meat rations
 s - 13 slices of pizza
 E - 33 fruits
Scrolls
 e - 7 scrolls of amnesia
 f - 6 scrolls of enchant weapon
 i - 10 scrolls of remove curse
 l - 8 scrolls of fog
 w - 5 scrolls of magic mapping
 y - 7 scrolls of blinking
 z - 11 scrolls of teleportation
 A - a scroll of silence
 O - 5 scrolls of enchant armour
Jewellery
 g - an uncursed amulet of clarity {unknown}
 j - an uncursed ring of protection from magic
 n - an uncursed amulet of stasis
 o - an uncursed ring of protection from fire
 u - a ring of protection from cold (left hand)
 F - an uncursed ring of protection from magic
 H - the ring of Baedir (right hand) {rN+ SInv Stlth++}
   (You found it in a treasure trove)

   [ring of see invisible]

   It protects you from negative energy.
   It enhances your eyesight.
   It makes you much more stealthy.
 T - an uncursed amulet of resist corrosion
 Y - the amulet "Chyacr Etoiwn" (around neck) {Faith Stlth+}
   (You found it in a treasure trove)

   [amulet of faith]

   It allows you to gain divine favour quickly.
   It makes you more stealthy.
 Z - a +3 ring of slaying
Potions
 q - 2 potions of flight
 v - 5 potions of might
 x - 2 potions of restore abilities
 D - 4 potions of curing
 J - 2 potions of magic
 K - 3 potions of agility
 L - a potion of invisibility
 M - 2 potions of lignification
 Q - 2 potions of haste
 U - 4 potions of resistance
Miscellaneous
 m - a disc of storms
 I - a lamp of fire
 R - a fan of gales
Rods
 G - a +2 rod of ignition (12/12)
   (You found it in a labyrinth)


   Skills:
 - Level 9.1 Fighting
 - Level 16.0 Maces & Flails
 - Level 10.1 Armour
 - Level 1.1 Dodging
 - Level 5.1 Shields
 + Level 23.0 Invocations
 - Level 11.3 Evocations


You had 15 spell levels left.
You didn't know any spells.

Dungeon Overview and Level Annotations

Branches:
Dungeon (15/15)            Temple (0/1) D:4             Orc (4/4) D:12
    Elf (3/3) Orc:4          Lair (8/8) D:11         Shoals (0/5) Lair:4
  Snake (0/5) Lair:6        Slime (0/6) Lair:7       Vaults (0/5) D:14
 Depths (0/5) D:15

Altars:
Dithmenos
Fedhas
Vehumet
Zin
The Shining One
Jiyva

Shops:
D:7 ?   D:10 ?   D:12 ([?   Orc:4 :::(*[

Annotations:
D:10 exclusions: ice statue and silver statue


Innate Abilities, Weirdness & Mutations

You are resistant to damage.
You can recharge devices by infusing magical energy.
You resist negative energy.
You passively map the area around you.
You do not heal naturally.
You possess an exceptional clarity of mind.
You are clumsy. (Dex -2)
Your body is slowly deteriorating.
You can spit poison.


Message History

The deep elf annihilator is severely wounded.
The deep elf annihilator points at you and mumbles some strange words.
The iron shot hits you!
* * * LOW HITPOINT WARNING * * *
You are too injured to fight recklessly!
You are too injured to fight recklessly!
Evoke which item? (* to show all) (? for menu, Esc to quit)
Zapping:
c - a wand of heal wounds (1)
Press: ? - help, Shift-Dir - straight line, f - you You feel much better.
This wand has 0 charges left.
The deep elf annihilator gestures at you while chanting.
The iron shot hits you!
* * * LOW HITPOINT WARNING * * *
Use which ability? (? or * to list) Charge which item? (? for menu, Esc to quit)
Your wand of heal wounds (0) glows for a moment and now has 3 charges.
The deep elf annihilator gestures at you while chanting.
The crystal spear hits you!
You die...
Your body rises from the dead as a mindless zombie.

.....,,,,,,,*
e...,**,,,,,*
e4.,,***,,,,*
.3,,,,****,,*
e#*,,,,,***,*
2#***,,,,,*,*
4# ***,,,,,*
### .#
***,,,*##e## e#
***,##.#@# .#
###.####
.##########..##
4(.#e(.......#
.......e..e..#
3..#.........#
..###........#
...#.=..(....#
.[....(......#


You could see a deep elf annihilator.

Vanquished Creatures
  2 deep elf blademasters (Elf:3)
  A deep elf master archer (Elf:3)
  An orc warlord (Orc:3)
  3 deep elf sorcerers (Elf:3)
  Gastronok (Orc:4)
  5 deep elf demonologists
  A deep elf annihilator (Elf:3)
  2 deep elf death magi
  Snorg (Elf:2)
  An ettin (Orc:3)
  A minotaur (Lab)
  A deep elf high priest (Elf:3)
  The ghost of MordorOrchid the Covert, a powerful SpBe of Trog (D:13)
  8 hydras
  2 ice dragons (D:15)
  A centaur warrior (D:11)
  An ogre mage (Orc:3)
  10 death yaks
  3 orc high priests (Orc:4)
  6 deep elf knights
  A wizard (D:14)
  3 unseen horrors
  2 hill giants (D:14)
  3 deep elf summoners
  2 lindwurms
  12 deep elf conjurers
  6 orc knights
  A manticore (D:15)
  6 orc sorcerers
  9 ugly things
  A sixfirhy (Elf:3)
  An elephant (Lair:8)
  2 griffons
  4 slime creatures (D:15)
  8 black mambas
  3 cyclopes
  9 spiny frogs
  A torpor snail (Lair:4)
  4 komodo dragons
  Psyche (D:9)
  A hellwing (Elf:3)
  A gargoyle (D:15)
  3 yaktaurs (D:15)
  A demonic crawler (Elf:1)
  4 fire drakes
  A freezing wraith (D:15)
  A minotaur zombie (Lab)
  11 trolls
  A red devil (Elf:3)
  A polar bear (Lair:7)
  2 wandering mushrooms (Lab)
  A blue devil (Elf:3)
  5 deep elf priests
  7 blink frogs (Lair:8)
  A raiju (shapeshifter) (D:15)
  A hydra skeleton (D:15)
  4 two-headed ogres
  19 deep elf magi
  2 trapdoor spiders
  2 basilisks
  6 wraiths
  9 fire bats (Volcano)
  2 wyverns
  A golden eye (shapeshifter) (D:13)
  23 yaks
  2 spriggans (Lair:7)
  2 hill giant zombies
  A chaos spawn (Orc:3)
  22 deep elf fighters
  2 hungry ghosts
  A neqoxec (Elf:3)
  10 wolves
  8 hippogriffs
  2 mottled dragons
  5 wargs
  A soldier ant (D:11)
  13 water moccasins
  A hell hound (Volcano)
  9 porcupines
  37 orc warriors
  3 black bears
  3 phantoms
  6 ice beasts
  2 boring beetles
  2 necrophages
  6 centaurs
  2 sky beasts
  11 ogres
  A lost soul (Elf:3)
  14 crocodiles
  18 giant frogs
  4 big kobolds
  An earth elemental (Lab)
  3 cyclops zombies
  2 scorpions
  3 killer bees (D:14)
  20 wights
  17 crimson imps
  3 quasits
  2 goliath beetles
  A giant frog zombie (D:6)
  2 giant frog skeletons
  4 jellies
  10 hounds
  17 orc priests
  20 orc wizards
  A two-headed ogre skeleton (D:14)
  8 worker ants
  7 orange rats
  8 iguanas
  15 sheep
  An ogre skeleton (D:4)
  A mottled dragon skeleton (D:12)
  Terence (D:3)
  A mummy (D:10)
  2 worker ant zombies
  18 green rats
  5 shadow imps
  20 adders
  3 white imps
  3 worms (D:2)
  An adder zombie (D:6)
  An orc zombie (D:14)
  An iguana skeleton (D:7)
  An iguana zombie (D:6)
  5 giant geckos
  An ooze (D:1)
  124 orcs
  A bat skeleton (D:5)
  2 bat zombies
  4 giant cockroaches
  18 goblins
  26 hobgoblins
  13 jackals
  24 kobolds
  8 quokkas
  A ball python (D:2)
  11 bats
  A giant gecko skeleton (D:5)
  2 giant newts
  4 giant spores
  A hobgoblin zombie (D:11)
  18 rats
  2 rat zombies
  6 ballistomycetes
  A butterfly (Lair:3)
  A crawling corpse (Elf:3)
  A fungus (Elf:1)
907 creatures vanquished.

Vanquished Creatures (collateral kills)
  Saint Roka (Elf:2)
  A deep elf sorcerer (Elf:3)
  Maud (Lair:6)
  An orc warlord (Orc:4)
  Fannar (Lair:6)
  An ice dragon (Lair:4)
  Nessos (D:13)
  The ghost of MordorOrchid the Nimble, a powerful SpAE of Sif Muna (Orc:4)
  2 hydras
  An ogre mage (Orc:4)
  An orc high priest (Orc:4)
  3 death yaks
  A deep elf conjurer (Elf:3)
  2 orc knights
  4 orc sorcerers (Orc:4)
  2 cyclopes
  A manticore (D:12)
  2 elephants (Lair:8)
  A feature mimic (Elf:2)
  6 spiny frogs
  An iron devil (Orc:4)
  3 komodo dragons
  A blue devil (Orc:4)
  A hydra skeleton (D:15)
  3 trolls
  A basilisk (Lair:8)
  8 yaks
  A hippogriff (D:15)
  A deep elf fighter (Elf:3)
  2 wargs
  2 wolves (Lair:8)
  2 porcupines
  2 water moccasins
  A mottled dragon (D:14)
  A human skeleton (D:15)
  3 orc warriors
  An ice beast (Lair:6)
  4 ogres
  2 centaurs (D:14)
  A giant frog (D:15)
  2 big kobolds
  An electric eel (Lair:2)
  A crimson imp (D:11)
  2 orc priests (Orc:2)
  2 orange rats (Lair:5)
  4 orc wizards
  3 sheep
  An orc zombie (D:5)
  3 adders
  2 green rats (Lair:5)
  A white imp (Lair:4)
  23 orcs
  A bat (D:4)
  A giant cockroach (D:5)
  2 jackals (D:4)
  3 quokkas
  3 giant geckos
  A kobold (D:4)
  3 fungi
134 creatures vanquished.

Vanquished Creatures (others)
  A skeletal warrior (Elf:3)
  A phantasmal warrior (Lair:3)
  4 elf zombies (Elf:3)
  A two-headed ogre (D:15)
  A troll (Orc:4)
  A black mamba zombie (Lair:1)
  4 flying skulls
  2 wraiths
  2 lost souls
  A water moccasin zombie (Lair:6)
  3 troll zombies
  A hippogriff zombie (Lair:8)
  A centaur zombie (D:14)
  A wolf zombie (Lair:6)
  A giant frog zombie (D:11)
  3 killer bee zombies (D:14)
  A big kobold zombie (D:8)
  8 orc zombies
  An orc skeleton (D:12)
  3 sheep zombies
  2 fungi (Orc:4)
  A plant (D:8)
44 creatures vanquished.

Grand Total: 1085 creatures vanquished

Notes
Turn   | Place    | Note
--------------------------------------------------------------
     0 | D:1      | Lightli, the Deep Dwarf Death Knight, began the quest for the Orb.
     0 | D:1      | Reached XP level 1. HP: 19/19 MP: 2/2
    87 | D:1      | Reached XP level 2. HP: 16/26 MP: 4/4
   408 | D:1      | Acquired Yredelemnul's second power
   634 | D:2      | Reached XP level 3. HP: 13/32 MP: 5/5
   990 | D:2      | Reached skill level 4 in Maces & Flails
  1250 | D:2      | Reached XP level 4. HP: 19/39 MP: 7/7
  1747 | D:3      | Noticed Terence
  1755 | D:3      | Killed Terence
  2181 | D:4      | Reached skill level 5 in Maces & Flails
  2188 | D:4      | Found a staircase to the Ecumenical Temple.
  2194 | D:4      | You fall through a shaft for 2 floors!
  2208 | D:5      | Entered Level 5 of the Dungeon
  2239 | D:6      | Reached XP level 5. HP: 25/45 MP: 7/7
  2394 | D:5      | Acquired Yredelemnul's third power
  2416 | D:5      | Found a radiant altar of Vehumet.
  2579 | D:5      | Reached skill level 6 in Maces & Flails
  2674 | D:5      | Reached XP level 6. HP: 21/52 MP: 9/9
  2905 | D:5      | Received a gift from Yredelemnul
  3025 | D:4      | Got a dazzling ring mail
  3036 | D:4      | Identified the +4 ring mail of the Evening Star {Str+2 Slay+4} (You found it on level 4 of the Dungeon)
  3177 | D:4      | Noticed an ogre
  3181 | D:4      | Killed an ogre
  3181 | D:4      | Reached skill level 7 in Maces & Flails
  3223 | D:4      | Found a blossoming altar of Fedhas.
  3223 | D:4      | Found a glowing golden altar of the Shining One.
  4320 | D:6      | Noticed a troll
  4394 | D:5      | Killed a troll
  4394 | D:5      | Reached skill level 8 in Maces & Flails
  4394 | D:5      | Reached XP level 7. HP: 29/58 MP: 7/10
  4478 | D:6      | Noticed a necrophage
  4486 | D:6      | Killed a necrophage
  4497 | D:6      | Noticed an ice beast
  4511 | D:6      | Killed an ice beast
  4511 | D:6      | Reached skill level 9 in Maces & Flails
  4835 | D:6      | Noticed a giant frog
  4839 | D:6      | Reached XP level 8. HP: 57/60 MP: 12/12
  4856 | D:6      | Killed a giant frog
  4904 | D:6      | Found a shadowy altar of Dithmenos.
  4904 | D:6      | Noticed a phantom
  4911 | D:6      | Killed a phantom
  4911 | D:6      | Reached skill level 10 in Maces & Flails
  5065 | D:6      | Received a gift from Yredelemnul
  5295 | D:7      | Found Fumeg's Magic Scroll Emporium.
  5333 | D:7      | Bought a scroll of identify for 32 gold pieces
  5333 | D:7      | Bought a scroll of identify for 32 gold pieces
  5336 | D:7      | Bought a scroll of blinking for 120 gold pieces
  5336 | D:7      | Bought a scroll of identify for 32 gold pieces
  5336 | D:7      | Bought a scroll of immolation for 56 gold pieces
  5552 | D:7      | Acquired Yredelemnul's fourth power
  5629 | D:7      | Reached skill level 11 in Maces & Flails
  5790 | D:7      | Received a gift from Yredelemnul
  6048 | D:8      | Gained mutation: You passively map the area around you. [level up]
  6048 | D:8      | Reached XP level 9. HP: 65/69 MP: 13/13
  6233 | D:8      | Found a glowing silver altar of Zin.
  6428 | D:8      | Reached skill level 12 in Maces & Flails
  6428 | D:8      | Received a gift from Yredelemnul
  6520 | D:8      | Noticed a three-headed hydra
  6550 | D:8      | Killed a three-headed hydra
  6550 | D:8      | Reached skill level 13 in Maces & Flails
  7363 | D:9      | Noticed Psyche
  7371 | D:9      | Killed Psyche
  7378 | D:9      | Reached XP level 10. HP: 45/76 MP: 14/14
  7416 | D:9      | Reached skill level 14 in Maces & Flails
  7416 | D:9      | Received a gift from Yredelemnul
  7587 | D:9      | Received a gift from Yredelemnul
  8011 | D:10     | Entered Level 10 of the Dungeon
  8098 | D:10     | Found Ucidagot's Magic Scroll Boutique.
  8496 | D:10     | Reached skill level 5 in Armour
  8520 | D:10     | Killed an unseen horror
  8958 | D:10     | Noticed an ice statue
  9110 | D:10     | Noticed a silver statue
  9448 | D:11     | Found a staircase to the Lair.
  9858 | D:11     | Noticed a centaur warrior
  9880 | D:11     | Killed a centaur warrior
  9880 | D:11     | Reached skill level 10 in Armour
  9880 | D:11     | Reached XP level 11. HP: 48/86 MP: 16/16
 10114 | Lair:1   | Entered Level 1 of the Lair of Beasts
 10209 | Lair:1   | Received a gift from Yredelemnul
 10314 | Lair:1   | Reached skill level 5 in Fighting
 10478 | Lair:1   | Acquired Yredelemnul's fifth power
 10610 | Lair:1   | Noticed a four-headed hydra
 10626 | Lair:1   | Killed a four-headed hydra
 10767 | Lair:1   | Received a gift from Yredelemnul
 11367 | Lair:2   | Identified a scroll of acquirement
 11368 | Lair:2   | Got a twisted great mace
 11369 | Lair:2   | Identified the +2 great mace of the Lettuce {freeze, -Cast +Blink +Fly Dex+3 SInv} (You acquired it on level 2 of the Lair of Beasts)
 11590 | Lair:2   | Noticed a six-headed hydra
 11612 | Lair:2   | Killed a six-headed hydra
 12191 | Lair:2   | Received a gift from Yredelemnul
 12563 | Lair:3   | Reached XP level 12. HP: 44/114 MP: 16/16
 12987 | Lair:4   | Reached skill level 5 in Invocations
 13078 | Lair:4   | Found a staircase to the Shoals.
 14019 | Lair:4   | Noticed an ice dragon
 14036 | Lair:4   | Killed an ice dragon
 14274 | Lair:5   | Received a gift from Yredelemnul
 14321 | Lair:5   | Reached skill level 10 in Invocations
 14974 | Lair:5   | Received a gift from Yredelemnul
 15086 | Lair:6   | Noticed Fannar
 15169 | Lair:6   | Found a staircase to the Snake Pit.
 15226 | Lair:6   | Received a gift from Yredelemnul
 15303 | Lair:6   | Killed Fannar
 15659 | Lair:6   | Noticed Maud
 15675 | Lair:6   | Killed Maud
 15848 | Lair:6   | Noticed an eight-headed hydra
 15855 | Lair:6   | Killed an eight-headed hydra
 15945 | Lair:6   | Reached XP level 13. HP: 58/121 MP: 23/23
 16270 | Lair:7   | Found a labyrinth entrance.
 16295 | Lab      | Entered a labyrinth
 16908 | Lair:7   | Found a staircase to the Slime Pits.
 16909 | Lair:7   | Found a viscous altar of Jiyva.
 17132 | Lair:7   | Reached skill level 15 in Invocations
 17211 | Lair:7   | Identified a +2 rod of ignition (12/12) (You found it in a labyrinth)
 17317 | Lair:7   | Reached skill level 16 in Invocations
 17400 | Lair:8   | Entered Level 8 of the Lair of Beasts
 17680 | Lair:8   | Received a gift from Yredelemnul
 17820 | Lair:8   | Reached skill level 17 in Invocations
 17936 | Lair:8   | Received a gift from Yredelemnul
 18118 | Lair:8   | Reached skill level 18 in Invocations
 18124 | Lair:8   | Got an ancient plate armour
 18135 | Lair:8   | Identified the +15 plate armour of the Country {rPois} (You found it on level 8 of the Lair of Beasts)
 18135 | Lair:8   | okay then
 18136 | Lair:8   | +15 plate sure
 18674 | Lair:7   | Received a gift from Yredelemnul
 19046 | D:12     | Gained mutation: You resist negative energy. [level up]
 19046 | D:12     | Reached XP level 14. HP: 119/129 MP: 26/26
 19173 | D:12     | Found Plyatwo's Armour Shoppe.
 19174 | D:12     | Found a staircase to the Orcish Mines.
 19270 | D:12     | Found Ogaogatt's Weapon Shoppe.
 19280 | D:12     | Bought the +8 eveningstar of the Eel {freeze, MR+ Str+2} for 1257 gold pieces
 19394 | D:12     | Received a gift from Yredelemnul
 19774 | D:12     | Found Ecegaitt's Magic Scroll Emporium.
 20056 | Orc:1    | Entered Level 1 of the Orcish Mines
 20219 | Orc:2    | Reached skill level 1 in Evocations
 20353 | Orc:2    | Received a gift from Yredelemnul
 20919 | Orc:1    | Reached skill level 5 in Evocations
 20964 | Orc:1    | Received a gift from Yredelemnul
 21005 | Orc:1    | Received a gift from Yredelemnul
 21419 | Orc:3    | Noticed an orc warlord
 21429 | Orc:3    | Killed an orc warlord
 21432 | Orc:3    | Received a gift from Yredelemnul
 21541 | Orc:3    | Found a dark tunnel.
 21550 | Volcano  | Entered a volcano
 22088 | Orc:4    | Entered Level 4 of the Orcish Mines
 22113 | Orc:4    | Noticed Gastronok
 22120 | Orc:3    | Reached skill level 10 in Evocations
 22150 | Orc:4    | Killed Gastronok
 22155 | Orc:4    | Found Lame's Book Shoppe.
 22156 | Orc:4    | Found Opasiwnu's Book Boutique.
 22216 | Orc:4    | Received a gift from Yredelemnul
 22228 | Orc:4    | Found Issig's Book Boutique.
 22317 | Orc:4    | Found a staircase to the Elven Halls.
 22415 | Orc:4    | Noticed MordorOrchid's ghost (powerful SpAE)
 22425 | Orc:4    | Killed MordorOrchid's ghost
 22425 | Orc:4    | Reached skill level 19 in Invocations
 22439 | Orc:4    | Noticed an orc warlord
 22439 | Orc:4    | Found Gozeoty's Antique Weapon Boutique.
 22459 | Orc:4    | Killed an orc warlord
 22641 | Orc:4    | Found Jehiubriutz's Antique Armour Boutique.
 22665 | Orc:4    | Received a gift from Yredelemnul
 22673 | Orc:4    | Found Gueclad's General Store.
 23070 | D:13     | Got a warped cloak
 23081 | D:13     | Identified the cursed -3 cloak of Vehumet's Benevolence {rN+} (You found it on level 13 of the Dungeon)
 23146 | D:13     | Reached skill level 20 in Invocations
 23157 | D:13     | Noticed Nessos
 23289 | D:13     | Killed Nessos
 23341 | D:13     | Reached XP level 15. HP: 61/135 MP: 27/27
 23420 | D:13     | Received a gift from Yredelemnul
 23638 | D:13     | Noticed MordorOrchid's ghost (powerful SpBe)
 23645 | D:13     | Killed MordorOrchid's ghost
 24401 | D:14     | Gained mutation: Your body is slowly deteriorating. [mutagenic meat]
 24402 | D:14     | Gained mutation: You have a pair of small horns on your head. [mutagenic meat]
 24403 | D:14     | Gained mutation: You are clumsy. (Dex -2) [mutagenic meat]
 24404 | D:14     | Gained mutation: You possess an exceptional clarity of mind. [mutagenic meat]
 24412 | D:14     | Gained mutation: You can spit poison. [mutagenic meat]
 24413 | D:14     | Lost mutation: You have a pair of small horns on your head. [mutagenic meat]
 24665 | D:14     | Found a portal to a secret trove of treasure.
 24810 | D:13     | Reached skill level 21 in Invocations
 24946 | D:12     | Bought the +15 heavy crossbow "Sniper" {velocity, SInv} for 1512 gold pieces
 25221 | D:14     | thanks sniper
 25221 | D:14     | You paid a toll of the heavy crossbow "Sniper" to enter a treasure trove
 25222 | Trove    | Entered a treasure trove
 25231 | Trove    | Got a fine wooden ring
 25233 | Trove    | Got a fine buckler
 25239 | Trove    | Identified the +0 buckler "Janyesm" {rF+} (You found it in a treasure trove)
 25244 | Trove    | Got a bloodstained dire flail
 25250 | Trove    | Identified the +3 dire flail of Beogh's Generosity {antimagic, +Fly} (You found it in a treasure trove)
 25255 | Trove    | Identified the ring of Baedir {rN+ SInv Stlth++} (You found it in a treasure trove)
 25277 | Trove    | Got a warped tin amulet
 25279 | Trove    | Identified the amulet "Chyacr Etoiwn" {Faith Stlth+} (You found it in a treasure trove)
 25478 | D:14     | Found a gate to the Vaults.
 25566 | D:14     | Received a gift from Yredelemnul
 25611 | D:15     | Entered Level 15 of the Dungeon
 25895 | D:15     | Reached skill level 1 in Shields
 25978 | D:15     | Received a gift from Yredelemnul
 26111 | D:15     | Found a staircase to the Depths.
 26783 | Elf:1    | Entered Level 1 of the Elven Halls
 26903 | Elf:1    | Reached skill level 5 in Shields
 27004 | Elf:1    | Received a gift from Yredelemnul
 27071 | Elf:1    | Noticed a Shadow Fiend
 27448 | Elf:1    | Reached skill level 15 in Maces & Flails
 27815 | Elf:2    | Noticed Saint Roka
 27840 | Elf:2    | Killed Saint Roka
 27895 | Elf:2    | Found Skoajile's Weapon Shoppe.
 27946 | Elf:2    | Received a gift from Yredelemnul
 27981 | Elf:2    | Skoajile's Weapon Shoppe was a mimic.
 28067 | Elf:2    | Noticed Snorg
 28073 | Elf:2    | Killed Snorg
 28124 | Elf:2    | Reached XP level 16. HP: 86/144 MP: 21/28
 28138 | Elf:2    | Received a gift from Yredelemnul
 28452 | Elf:3    | Entered Level 3 of the Elven Halls
 28718 | Elf:3    | Received a gift from Yredelemnul
 28983 | Elf:3    | Reached skill level 22 in Invocations
 29027 | Elf:3    | Noticed a deep elf blademaster
 29030 | Elf:3    | Noticed a deep elf blademaster
 29046 | Elf:3    | Noticed a deep elf master archer
 29051 | Elf:3    | Killed a deep elf blademaster
 29056 | Elf:3    | Killed a deep elf blademaster
 29106 | Elf:3    | Received a gift from Yredelemnul
 29115 | Elf:3    | Killed a deep elf master archer
 29338 | Elf:3    | Reached skill level 23 in Invocations
 29348 | Elf:3    | Killed from afar by a deep elf annihilator

Action                   |  1- 3 |  4- 6 |  7- 9 | 10-12 | 13-15 | 16-18 || total
-------------------------+-------+-------+-------+-------+-------+-------++-------
Melee: Mace              |   179 |   151 |       |       |       |       ||   330
       Flail             |       |    86 |   377 |     7 |       |       ||   470
       Dagger            |       |       |     2 |     3 |       |       ||     5
       Dire flail        |       |       |    24 |   853 |   473 |       ||  1350
       Eveningstar       |       |       |       |       |   793 |   153 ||   946
Invok: Animate Remains   |     1 |       |       |       |       |       ||     1
       Animate Dead      |       |     1 |     5 |    16 |    21 |     3 ||    46
       Recall Undead Sla |       |     1 |     3 |     3 |     3 |       ||    10
       Drain Life        |       |       |       |     3 |    34 |     2 ||    39
       Injury Mirror     |       |       |       |     2 |       |       ||     2
       Stop Recall       |       |       |       |       |     1 |       ||     1
 Abil: Device Recharging |       |     1 |     1 |     4 |     2 |     1 ||     9
       Spit Poison       |       |       |       |       |     1 |       ||     1
Evoke: Wand              |     2 |     7 |    18 |    58 |    33 |     7 ||   125
  Use: Potion            |     1 |     6 |       |    10 |     5 |     3 ||    25
       Scroll            |     2 |     5 |     6 |    17 |    18 |     1 ||    49
 Stab: Paralysed         |       |       |    12 |       |       |       ||    12
       Distracted        |       |       |       |     2 |     5 |       ||     7
  Eat: Chunk             |     1 |    11 |     9 |    22 |    41 |     3 ||    87
       Beef jerky        |       |       |       |     2 |     2 |       ||     4
       Fruit             |       |       |       |     1 |       |       ||     1
       Meat ration       |       |       |       |       |     1 |       ||     1
       Bread ration      |       |       |       |       |     2 |     1 ||     3
